| TOP OF THE 1ST |
|
Pawtucket Red Sox batting - Pitching for Buffalo Bisons : RHP Justin Sedivy
|
|
Pitching: RHP Justin Sedivy
|
|
|
Batting: RHB Roberto Morales
|
0-0: Called Strike 0-1: Fly out, F9 (Flyball, 89S, EV 84.4 MPH)
|
|
Batting: RHB Brandon Perris
|
0-0: Foul Ball, location: 2F 0-1: Ball 1-1: Foul Ball, location: 2F 1-2: Ball 2-2: SINGLE (Line Drive, 56D, EV 93.8 MPH)
|
|
Batting: RHB Jose Diaz
|
0-0: Called Strike 0-1: Ball 1-1: Grounds into double play, 5-4-3 (Groundball, 5L, EV 77.5 MPH)
|
| Top of the 1st over - 0 runs, 1 hit, 0 errors, 0 left on base; Pawtucket 0 - Buffalo 0 |
| BOTTOM OF THE 1ST |
|
Buffalo Bisons batting - Pitching for Pawtucket Red Sox : RHP Alex Willerton
|
|
Pitching: RHP Alex Willerton
|
|
|
Batting: RHB Alex Ramos
|
0-0: Ball 1-0: Called Strike 1-1: Ball 2-1: Ball 3-1: Called Strike 3-2: Foul Ball, location: 2F 3-2: Strikes out swinging
|
|
Batting: RHB Michel Martineau
|
0-0: Ball 1-0: Ball 2-0: Foul Ball, location: 2F 2-1: Ground out 4-3 (Groundball, 4, EV 100.0 MPH)
|
|
Batting: SHB Dominik Hasek II
|
0-0: Called Strike 0-1: SINGLE (Line Drive, 78S, EV 98.8 MPH)
|
|
Batting: RHB Kyle Scruggs
|
0-0: Called Strike 0-1: Ball Dominik Hasek II is caught stealing 2nd base 2-4
|
| Bottom of the 1st over - 0 runs, 1 hit, 0 errors, 0 left on base; Pawtucket 0 - Buffalo 0 |
| TOP OF THE 2ND |
|
Pawtucket Red Sox batting - Pitching for Buffalo Bisons : RHP Justin Sedivy
|
|
Batting: LHB Zack Guillen
|
0-0: Ball 1-0: Called Strike 1-1: SOLO HOME RUN (Flyball, 9LD, EV 91.9 MPH), Distance : 332 ft
|
|
Batting: RHB Rodolfo Contreras
|
0-0: Ball 1-0: Foul Ball, location: 2F 1-1: Swinging Strike 1-2: SINGLE (Line Drive, 34, EV 106.9 MPH)
|
|
Batting: LHB Frank Olivo
|
0-0: Fielders Choice at 2nd, 4-6 (Groundball, 4M, EV 110.0 MPH)
|
|
Batting: RHB Neil Mautone
|
0-0: Swinging Strike 0-1: Called Strike 0-2: Foul Ball, location: 2F 0-2: Ball 1-2: Grounds into double play, 5-4-3 (Groundball, 56S, EV 87.5 MPH)
|
| Top of the 2nd over - 1 run, 2 hits, 0 errors, 0 left on base; Pawtucket 1 - Buffalo 0 |
| BOTTOM OF THE 2ND |
|
Buffalo Bisons batting - Pitching for Pawtucket Red Sox : RHP Alex Willerton
|
|
Batting: RHB Kyle Scruggs
|
0-0: Called Strike 0-1: Ball 1-1: Foul Ball, location: 2F 1-2: Strikes out swinging
|
|
Batting: LHB Gabe Pace
|
0-0: Foul Ball, location: 2F 0-1: Ground out U3 (Groundball, 34S, EV 88.8 MPH)
|
|
Batting: RHB Väinö Tapaninen
|
0-0: Called Strike 0-1: Ball 1-1: Ball 2-1: Ball 3-1: Fly out, F8 (Flyball, 8RM, EV 93.1 MPH)
|
| Bottom of the 2nd over - 0 runs, 0 hits, 0 errors, 0 left on base; Pawtucket 1 - Buffalo 0 |
| TOP OF THE 3RD |
|
Pawtucket Red Sox batting - Pitching for Buffalo Bisons : RHP Justin Sedivy
|
|
Batting: RHB Sal Rivera
|
0-0: Ball 1-0: Foul Ball, location: 2F 1-1: Ground out 5-3 (Groundball, 5, EV 105.0 MPH)
|
|
Batting: RHB Joe Evrard
|
0-0: Ball 1-0: Called Strike 1-1: Called Strike 1-2: Ball 2-2: Hit by Pitch
|
|
Batting: RHB Roberto Morales
|
0-0: Ball 1-0: Foul Ball, location: 2F 1-1: Fly out, F8 (Flyball, 78D, EV 97.5 MPH)
|
|
Batting: RHB Brandon Perris
|
0-0: Ball 1-0: Fly out, F9 (Line Drive, 89S, EV 98.1 MPH)
|
| Top of the 3rd over - 0 runs, 0 hits, 0 errors, 1 left on base; Pawtucket 1 - Buffalo 0 |
| BOTTOM OF THE 3RD |
|
Buffalo Bisons batting - Pitching for Pawtucket Red Sox : RHP Alex Willerton
|
|
Batting: RHB Kyle Davis
|
0-0: Called Strike 0-1: Foul Ball, location: 2F 0-2: Strikes out swinging
|
|
Batting: RHB John Loving
|
0-0: Called Strike 0-1: Ground out 6-3 (Groundball, 6, EV 99.4 MPH)
|
|
Batting: RHB Frank Caulfield
|
0-0: Called Strike 0-1: Ball 1-1: Ball 2-1: Fly out, F7 (Line Drive, 7LM, EV 93.8 MPH)
|
| Bottom of the 3rd over - 0 runs, 0 hits, 0 errors, 0 left on base; Pawtucket 1 - Buffalo 0 |
| TOP OF THE 4TH |
|
Pawtucket Red Sox batting - Pitching for Buffalo Bisons : RHP Justin Sedivy
|
|
Batting: RHB Jose Diaz
|
0-0: Called Strike 0-1: Ball 1-1: Ball 2-1: Called Strike 2-2: Ball 3-2: Ground out 6-3 (Groundball, 6M, EV 83.1 MPH)
|
|
Batting: LHB Zack Guillen
|
0-0: Ball 1-0: Called Strike 1-1: Foul Ball, location: 2F 1-2: Fly out, F7 (Flyball, 7LD, EV 104.4 MPH)
|
|
Batting: RHB Rodolfo Contreras
|
0-0: Ball 1-0: Foul Ball, location: 2F 1-1: Ball 2-1: Ground out 4-3 (Groundball, 4, EV 93.1 MPH)
|
| Top of the 4th over - 0 runs, 0 hits, 0 errors, 0 left on base; Pawtucket 1 - Buffalo 0 |
| BOTTOM OF THE 4TH |
|
Buffalo Bisons batting - Pitching for Pawtucket Red Sox : RHP Alex Willerton
|
|
Batting: RHB Alex Ramos
|
0-0: Ball 1-0: Called Strike 1-1: Foul Ball, location: 2F 1-2: Strikes out swinging
|
|
Batting: RHB Michel Martineau
|
0-0: Called Strike 0-1: Called Strike 0-2: Ground out U3 (Groundball, 34S, EV 64.4 MPH)
|
|
Batting: SHB Dominik Hasek II
|
0-0: Ball 1-0: SINGLE (Line Drive, 34D, EV 94.4 MPH)
|
|
Batting: RHB Kyle Scruggs
|
0-0: Ball Dominik Hasek II is caught stealing 2nd base 2-4
|
| Bottom of the 4th over - 0 runs, 1 hit, 0 errors, 0 left on base; Pawtucket 1 - Buffalo 0 |
| TOP OF THE 5TH |
|
Pawtucket Red Sox batting - Pitching for Buffalo Bisons : RHP Justin Sedivy
|
|
Batting: LHB Frank Olivo
|
0-0: Ball 1-0: Swinging Strike 1-1: Swinging Strike 1-2: Strikes out looking
|
|
Batting: RHB Neil Mautone
|
0-0: Foul Ball, location: 2F 0-1: Ground out 4-3 (Groundball, 34, EV 91.9 MPH)
|
|
Batting: RHB Sal Rivera
|
0-0: Called Strike 0-1: SINGLE (Groundball, 56D, EV 101.9 MPH)
|
|
Batting: RHB Joe Evrard
|
0-0: Foul Ball, location: 2F 0-1: Ball 1-1: Called Strike 1-2: Ball 2-2: Foul Ball, location: 2F 2-2: Foul Ball, location: 2F 2-2: Strikes out looking
|
| Top of the 5th over - 0 runs, 1 hit, 0 errors, 1 left on base; Pawtucket 1 - Buffalo 0 |
| BOTTOM OF THE 5TH |
|
Buffalo Bisons batting - Pitching for Pawtucket Red Sox : RHP Alex Willerton
|
|
Batting: RHB Kyle Scruggs
|
0-0: Ball 1-0: Ball 2-0: Foul Ball, location: 2F 2-1: Ball 3-1: Foul Ball, location: 2F 3-2: Base on Balls
|
|
Batting: LHB Gabe Pace
|
0-0: Foul Ball, location: 2F 0-1: Ball 1-1: Foul Ball, location: 2F 1-2: Ball 2-2: Reached on error, E6 (Groundball, 6M, EV 81.2 MPH) Kyle Scruggs to second
|
|
Batting: RHB Väinö Tapaninen
|
0-0: Grounds into double play, 6-4-3 (Groundball, 6, EV 103.1 MPH) Kyle Scruggs to third
|
|
Batting: RHB Kyle Davis
|
0-0: Swinging Strike 0-1: Fly out, F8 (Flyball, 8RD, EV 103.8 MPH)
|
| Bottom of the 5th over - 0 runs, 0 hits, 1 error, 1 left on base; Pawtucket 1 - Buffalo 0 |
| TOP OF THE 6TH |
|
Pawtucket Red Sox batting - Pitching for Buffalo Bisons : RHP Justin Sedivy
|
|
Batting: RHB Roberto Morales
|
0-0: Called Strike 0-1: Ball 1-1: Ball 2-1: Foul Ball, location: 2F 2-2: Foul Ball, location: 2F 2-2: Foul Ball, location: 2F 2-2: Strikes out swinging, 2-3 out at first.
|
|
Batting: RHB Brandon Perris
|
0-0: Called Strike 0-1: Ball 1-1: Swinging Strike 1-2: Ball 2-2: Ground out 6-3 (Groundball, 6, EV 85.6 MPH)
|
|
Batting: RHB Jose Diaz
|
0-0: Ball 1-0: Ball 2-0: Called Strike 2-1: Called Strike 2-2: Ball 3-2: Foul Ball, location: 2F 3-2: Foul Ball, location: 2F 3-2: SINGLE (Line Drive, 6M, EV 103.8 MPH)
|
|
Batting: LHB Zack Guillen
|
0-0: Ball 1-0: SINGLE (Groundball, 34D, EV 105.0 MPH) Jose Diaz to second Runner from 2nd tries for 3rd, SAFE, throw by RF made to third
|
|
Batting: RHB Rodolfo Contreras
|
0-0: Ball 1-0: Swinging Strike 1-1: Foul Ball, location: 2F 1-2: Strikes out looking
|
| Top of the 6th over - 0 runs, 2 hits, 0 errors, 2 left on base; Pawtucket 1 - Buffalo 0 |
| BOTTOM OF THE 6TH |
|
Buffalo Bisons batting - Pitching for Pawtucket Red Sox : RHP Alex Willerton
|
|
Batting: RHB John Loving
|
0-0: Called Strike 0-1: Ball 1-1: Foul Ball, location: 2F 1-2: Foul Ball, location: 2F 1-2: Strikes out swinging
|
|
Batting: RHB Frank Caulfield
|
0-0: Foul Ball, location: 2F 0-1: Called Strike 0-2: Strikes out looking
|
|
Batting: RHB Alex Ramos
|
0-0: Ball 1-0: Ball 2-0: Swinging Strike 2-1: Ball 3-1: Foul Ball, location: 2F 3-2: Base on Balls
|
|
Batting: RHB Michel Martineau
|
0-0: Foul Ball, location: 2F 0-1: Foul Ball, location: 2F 0-2: Ball 1-2: Foul Ball, location: 2F 1-2: Ball 2-2: Ball 3-2: Base on Balls Alex Ramos to second
|
|
Batting: SHB Dominik Hasek II
|
0-0: Foul Ball, location: 2F 0-1: DOUBLE (Line Drive, 78D, EV 110.0 MPH) Alex Ramos scores Michel Martineau to third Runner from 3rd tries for Home, SAFE, throw by LF to home
|
|
Batting: RHB Kyle Scruggs
|
0-0: Ball 1-0: Fly out, F8 (Flyball, 8LM, EV 90.0 MPH)
|
| Bottom of the 6th over - 2 runs, 1 hit, 0 errors, 1 left on base; Pawtucket 1 - Buffalo 2 |
| TOP OF THE 7TH |
|
Pawtucket Red Sox batting - Pitching for Buffalo Bisons : RHP Justin Sedivy
|
|
Batting: LHB Frank Olivo
|
0-0: Called Strike 0-1: Ground out U3 (Groundball, 34S, EV 77.5 MPH)
|
|
Batting: RHB Neil Mautone
|
0-0: Ball 1-0: Fly out, F7 (Line Drive, 7S, EV 99.4 MPH)
|
|
Batting: RHB Sal Rivera
|
0-0: Fly out, F7 (Flyball, 7S, EV 83.8 MPH)
|
| Top of the 7th over - 0 runs, 0 hits, 0 errors, 0 left on base; Pawtucket 1 - Buffalo 2 |
| BOTTOM OF THE 7TH |
|
Buffalo Bisons batting - Pitching for Pawtucket Red Sox : RHP Alex Willerton
|
|
Batting: LHB Gabe Pace
|
0-0: Ball 1-0: Foul Ball, location: 2F 1-1: Ball 2-1: Swinging Strike 2-2: Strikes out looking
|
|
Batting: RHB Väinö Tapaninen
|
0-0: Swinging Strike 0-1: DOUBLE (Flyball, 8LXD, EV 98.1 MPH)
|
|
Batting: RHB Kyle Davis
|
0-0: Called Strike 0-1: Ball 1-1: Ground out 3-1 (Groundball, 34, EV 86.9 MPH) Väinö Tapaninen to third
|
|
Batting: RHB John Loving
|
0-0: Called Strike 0-1: Ball 1-1: Ball 2-1: Foul Ball, location: 2F 2-2: Ball 3-2: Fly out, F9 (Flyball, 9LS, EV 88.1 MPH)
|
| Bottom of the 7th over - 0 runs, 1 hit, 0 errors, 1 left on base; Pawtucket 1 - Buffalo 2 |
| TOP OF THE 8TH |
|
Pawtucket Red Sox batting - Pitching for Buffalo Bisons : RHP Justin Sedivy
|
|
Pinch Hitting: LHB Julian Toney
|
0-0: Ball 1-0: Foul Ball, location: 2F 1-1: Foul Ball, location: 2F 1-2: Ball 2-2: Fly out, F9 (Flyball, 89D, EV 95.0 MPH)
|
|
Batting: RHB Roberto Morales
|
0-0: Called Strike 0-1: Swinging Strike 0-2: Strikes out swinging
|
|
Batting: RHB Brandon Perris
|
0-0: Ground out 4-3 (Groundball, 4, EV 106.2 MPH)
|
| Top of the 8th over - 0 runs, 0 hits, 0 errors, 0 left on base; Pawtucket 1 - Buffalo 2 |
| BOTTOM OF THE 8TH |
|
Buffalo Bisons batting - Pitching for Pawtucket Red Sox : RHP Alex Willerton
|
|
Pitching: LHP John Hotham
|
|
|
Now at 3B: David Norum
|
|
|
Now at SS: Brandon Perris
|
|
|
Batting: RHB Frank Caulfield
|
0-0: Ball 1-0: Called Strike 1-1: SINGLE (Flyball, 6D, EV 93.1 MPH)
|
|
Batting: RHB Alex Ramos
|
0-0: Fly out, F4 (Flyball, 6MD, EV 83.1 MPH)
|
|
Batting: RHB Michel Martineau
|
0-0: Called Strike 0-1: Ball 1-1: Foul Ball, location: 2F 1-2: Ball 2-2: Foul Ball, location: 2F 2-2: SINGLE (Line Drive, 8RS, EV 100.6 MPH) Frank Caulfield to second
|
|
Batting: SHB Dominik Hasek II
|
0-0: Called Strike 0-1: Fly out, F7 (Flyball, 78M, EV 83.8 MPH)
|
|
Batting: RHB Kyle Scruggs
|
0-0: Ball 1-0: Ball 2-0: SINGLE (Groundball, 56S, EV 68.8 MPH) (infield hit) Frank Caulfield to third Michel Martineau to second
|
|
Pinch Hitting: RHB Butch Koglin
|
0-0: Called Strike 0-1: Ball 1-1: Foul Ball, location: 2F 1-2: Ball 2-2: Fly out, F7 (Flyball, 7S, EV 90.0 MPH)
|
| Bottom of the 8th over - 0 runs, 3 hits, 0 errors, 3 left on base; Pawtucket 1 - Buffalo 2 |
| TOP OF THE 9TH |
|
Pawtucket Red Sox batting - Pitching for Buffalo Bisons : RHP Justin Sedivy
|
|
Pitching: LHP Julio Gonzalez
|
|
|
Now in LF: Jorge Baret
|
|
|
Batting: RHB Jose Diaz
|
0-0: Ball 1-0: Called Strike 1-1: Ball 2-1: Swinging Strike 2-2: Strikes out looking
|
|
Batting: RHB Matt Hinkle
|
0-0: Ground out 6-3 (Groundball, 56D, EV 98.1 MPH)
|
|
Batting: RHB Rodolfo Contreras
|
0-0: Called Strike 0-1: Swinging Strike 0-2: Ball 1-2: Strikes out swinging
|
| Top of the 9th over - 0 runs, 0 hits, 0 errors, 0 left on base; Pawtucket 1 - Buffalo 2 |
|